 Dungeon Crawl Stone Soup version 0.29-a0-1006-g0dd7720b37 (webtiles) character file.

Game seed: 1456067639676412702

45314 avis the Marksdemigod (level 13, -25/160 HPs)
             Began as a Demigod Ice Elementalist on Aug 6, 2022.
             Annihilated by Rupert
             ... wielding a +4 great mace of holy wrath
              (38 damage)
             ... on level 4 of the Lair of Beasts on Aug 7, 2022.
             The game lasted 03:20:42 (23568 turns).

avis the Marksdemigod (Demigod Ice Elementalist)   Turns: 23568, Time: 03:20:43

Health: -25/160    AC: 36    Str: 12    XL:     13   Next: 62%
Magic:  24/24      EV:  2    Int: 21    God:
Gold:   313        SH:  0    Dex: 30    Spells: 11/22 levels left

rFire   + + .      SeeInvis +   b - +3 scimitar (flame)
rCold   . . .      Faith    .   (no shield)
rNeg    . . .      Spirit   .   (body armour currently unavailable)
rPois   +          Reflect  .   (helmet currently unavailable)
rElec   .          Harm     .   (cloak currently unavailable)
rCorr   .          Rampage  .   (gloves currently unavailable)
Will    +....      NoTele   +   (boots currently unavailable)
Stlth   ++........              (no amulet)
HPRegen 0.36/turn               m - ring "Depno" {rF++ Str+3 Int+4 SInv Stlth-}
MPRegen 0.19/turn               B - ring of poison resistance

@: ice-armoured, tree-form, freezing walls
A: stationary, stasis, torment immunity, boosted hp, high MP 1, forlorn, divine
attributes
a: no special abilities


You were on level 4 of the Lair of Beasts.
You were a tree.
You visited 3 branches of the dungeon, and saw 16 of its levels.
You also visited: Volcano.

You collected 1157 gold pieces.
You spent 844 gold pieces at shops.

Inventory:

Hand Weapons
 a - the +5 longbow of Red Wine {freeze, Fly rC+}
   (You bought it in a shop on level 10 of the Dungeon)

   Any ammunition fired from it freezes those it strikes, dealing additional
   cold damage.
   It can also slow down cold-blooded creatures.
   rC:        It protects you from cold.
   Fly:       It grants you flight.
 b - a +3 scimitar of flaming (weapon)
Missiles
 k - 5 atropa-tipped darts
 Q - 4 throwing nets
Armour
 l - an orb of wrath
 A - a +2 pair of boots of stealth (melded)
 T - a +0 helmet (melded)
 V - +0 steam dragon scales (melded)
Magical Staves
 w - a staff of cold
Jewellery
 m - the ring "Depno" (left branch) {rF++ Str+3 Int+4 SInv Stlth-}
   (You found it on level 1 of the Lair of Beasts)

   [ring of see invisible]

   Str:       It affects your strength (+3).
   Int:       It affects your intelligence (+4).
   rF:        It greatly protects you from fire.
   SInv:      It lets you see invisible.
   Stlth:     It makes you less stealthy.
 B - a ring of poison resistance (right branch)
 E - a ring of flight
Wands
 g - a wand of light (6)
 y - a wand of flame (24)
 J - a wand of roots (7)
Scrolls
 f - 2 scrolls of fear {unknown}
 i - 2 scrolls of noise {unknown}
 n - 3 scrolls of enchant weapon {unknown}
 o - a scroll of brand weapon {unknown}
 q - 2 scrolls of poison {unknown}
 r - 3 scrolls of butterflies {unknown}
 v - 3 scrolls of teleportation
 x - 2 scrolls of torment {unknown}
 F - 4 scrolls of magic mapping
Potions
 c - 3 potions of lignification
 d - 3 potions of ambrosia
 e - 2 potions of magic
 h - 6 potions of curing
 j - a potion of flight {unknown}
 s - 3 potions of brilliance
 G - 2 potions of invisibility
 P - 2 potions of berserk rage {unknown}


   Skills:
 - Level 8.0 Fighting
 - Level 10.0 Long Blades
 * Level 16.3 Ranged Weapons
 - Level 7.0 Dodging
 - Level 2.0 Stealth
 - Level 4.0 Shields
 - Level 5.0 Spellcasting
 - Level 1.0 Transmutations
 - Level 9.0 Ice Magic
 - Level 1.0 Earth Magic
 - Level 3.0 Evocations


You had 11 spell levels left.
You knew the following spells:

 Your Spells              Type           Power      Damage    Failure   Level
a - Freeze                Ice            100%       1d11      1%          1
c - Passwall              Tmut/Erth      7%         N/A       11%         2
e - Wereblood             Tmut           9%         N/A       11%         2
o - Ozocubu's Armour      Ice            43%        N/A       1%          3
r - Frozen Ramparts       Ice            86%        1d13      1%          3

Your spell library contained the following spells:

 Spells                   Type           Power      Damage    Failure   Level
 Beastly Appendage        Tmut           18%        N/A       7%          1
 Magic Dart               Conj           20%        1d4       11%         1
 Shock                    Conj/Air       20%        1d4       11%         1
 Searing Ray              Conj           10%        2d4       16%         2
 Hailstorm                Conj/Ice       24%        3d7       17%         4
 Spider Form              Tmut/Pois      7%         N/A       26%         3
 Confusing Touch          Hex            5%         N/A       32%         3
 Dazzling Flash           Conj/Hex       10%        N/A       32%         3
 Gell's Gravitas          Tloc           5%         N/A       32%         3
 Lesser Beckoning         Tloc           5%         N/A       32%         3
 Swiftness                Air            5%         N/A       32%         3
 Teleport Other           Tloc           5%         N/A       32%         3
 Metabolic Englaciation   Hex/Ice        12%        N/A       43%         5
 Airstrike                Air            2%         2d(1-17)  71%         4
 Anguish                  Hex/Necr       2%         N/A       71%         4
 Animate Dead             Necr           5%         N/A       71%         4
 Fulminant Prism          Conj/Hex       2%         3d6       71%         4
 Iskenderun's Mystic Bla  Conj/Tloc      5%         2d3       71%         4
 Borgnjor's Vile Clutch   Necr/Erth      3%         N/A       94%         5
 Yara's Violent Unravell  Hex/Tmut       3%         3d4       94%         5
 Simulacrum               Ice/Necr       12%        N/A       95%         6
 Summon Forest            Summ/Tloc      2%         N/A       96%         5
 Death Channel            Necr           2%         N/A       100%        6
 Eringya's Noxious Bog    Tmut/Pois      3%         N/A       100%        6
 Starburst                Conj/Fire      2%         6d3       100%        6
 Enfeeble                 Hex            2%         N/A       100%        7
 Malign Gateway           Summ/Tloc      2%         N/A       100%        7
 Summon Hydra             Summ           2%         N/A       100%        7


Dungeon Overview and Level Annotations

Branches:
Dungeon (11/15)            Temple (1/1) D:7            Lair (4/5) D:10
  Swamp (0/4) Lair:2       Spider (0/4) Lair:2          Orc (0/2) D:11
Volcano (visited)
  Slime: Lair:4-5

Shops:
D:10 :(

Annotations:
D:4 Use passwall to search vault
D:5 3 runed translucent doors, gdog's ghost, novice GnDe
D:8 2 runed translucent doors, tatocazan's ghost, novice OpBr
D:9 2 transporters
Lair:4 exclusion: oklob plant, Josephine; Rupert


Innate Abilities, Weirdness & Mutations

You are a tree.
Your roots penetrate the ground, keeping you stationary.
You cannot be teleported.
You are immune to unholy pain and torment.
Your maximum health is greatly increased.
Your equipment is partially melded.
You have an increased reservoir of magic. (+10% MP)
You shall have no god before yourself.
Your divine heritage dramatically boosts your attributes as you level up.


Message History

You slash Rupert! You burn Rupert.
Rupert is moderately wounded.
The wall freezes Rupert but does no damage.
Rupert yells loudly at you.
You suddenly lose the ability to move!
The wall freezes Rupert.
Rupert roars madly and goes into a rage!
Rupert goes berserk!
The wall freezes Rupert but does no damage.
Rupert hits you with a +4 great mace of holy wrath!!!
The wall freezes Rupert but does no damage.
Rupert hits you with a +4 great mace of holy wrath!!
* * * LOW HITPOINT WARNING * * *
You can move again.
Really quaff the potion of lignification?
You turn into a tree.
Your +0 helmet melds into your body.
Your +2 pair of boots of stealth melds into your body.
Your +0 steam dragon scales melds into your body.
You feel less stealthy.
Your roots penetrate the ground.
The wall freezes Rupert.
Rupert hits you with a +4 great mace of holy wrath.
* * * LOW HITPOINT WARNING * * *
You are confused.
You feel invigorated.
The wall freezes Rupert!
Rupert hits you but does no damage.
The wall freezes Rupert!
Rupert hits you with a +4 great mace of holy wrath!!
* * * LOW HITPOINT WARNING * * *
Unknown command.
The wall freezes Rupert.
Rupert hits you with a +4 great mace of holy wrath!
* * * LOW HITPOINT WARNING * * *
You feel less invigorated.
You feel less confused.
The wall freezes Rupert.
Rupert hits you with a +4 great mace of holy wrath!
* * * LOW HITPOINT WARNING * * *
The wall freezes Rupert.
Rupert hits you but does no damage.
The wall freezes Rupert.
Rupert hits you with a +4 great mace of holy wrath!!!
You die...

.....P....#.......
....#...>.#..#...
###....##...##.....
.................. #
#................
###...............
.#........##...#
..............#@##
..............##♣#
)....#.........†.#
.....###.........#
.....##......#.#..#
.....#.....#..#......
P.#.......#########P.#
.P........# ###
...###.Y..# ...Y..


You could see Rupert (berserk).

Vanquished Creatures
  Kirke (Lair:3)
  A stone giant (Volcano)
  Fannar (D:10)
  Harold (D:9)
  A centaur warrior (D:11)
  5 hydras
  2 boulder beetles
  6 death yaks
  Nergalle (D:11)
  Amaemon (D:9)
  A swamp dragon (Lair:2)
  Pikel (D:7)
  2 manticores (D:11)
  2 cyclopes (D:11)
  12 elephants
  2 black mambas
  A molten gargoyle (Volcano)
  Maggie (D:9)
  10 cane toads
  An orange demon (D:9)
  5 gargoyles
  An efreet (Volcano)
  A rime drake (Lair:4)
  4 komodo dragons
  4 trolls
  3 polar bears
  A hornet (D:9)
  10 blink frogs
  5 wraiths
  16 yaks
  Sigmund (D:5)
  A shadow (D:11)
  2 wyverns
  7 hogs (Lair:3)
  5 fire bats (Volcano)
  2 fire elementals (Volcano)
  4 basilisks
  A redback (Lair:2)
  3 vampire mosquitoes (D:11)
  A steam dragon (D:9)
  Menkaure (D:4)
  4 acid dragons
  15 water moccasins
  A sky beast (D:7)
  8 orc warriors
  4 black bears
  6 wolves
  6 ogres
  3 centaurs
  2 lemures (D:7)
  5 kobold brigands
  2 necrophages
  4 gnoll sergeants (D:11)
  10 scorpions
  13 bullfrogs
  19 wights
  9 killer bees
  6 howler monkeys
  6 lava snakes (Volcano)
  A jelly (D:5)
  4 hounds
  3 orc priests
  8 iguanas
  5 orc wizards
  12 gnolls
  6 adders
  2 shadow imps
  A white imp (D:6)
  5 worms
  4 dart slugs
  23 orcs
  6 ball pythons
  2 endoplasms
  2 giant cockroaches
  11 hobgoblins
  4 jackals (D:1)
  6 quokkas
  3 bats
  2 frilled lizards
  7 goblins
  20 kobolds
  4 rats
395 creatures vanquished.

Vanquished Creatures (others)
  44 fungi
  43 plants
87 creatures vanquished.

Grand Total: 482 creatures vanquished

Notes
Turn   | Place    | Note
-------+----------+-------------------------------------------
     0 | D:1      | avis the Demigod Ice Elementalist began the quest for the
                  | Orb.
     0 | D:1      | Reached XP level 1. HP: 14/14 MP: 5/5
   154 | D:1      | Reached skill level 1 in Fighting
   328 | D:1      | Reached XP level 2. HP: 23/23 MP: 4/7
  1229 | D:2      | Identified the +1 robe "Xoqane" {rElec rCorr Str+3 Int-2}
  1411 | D:2      | Reached XP level 3. HP: 25/29 MP: 5/8
  1455 | D:2      | Learned a level 3 spell: Ozocubu's Armour
  1697 | D:2      | Got Joix's Folio of Reshaped Translocation
  2382 | D:3      | Reached XP level 4. HP: 26/38 MP: 1/9
  2387 | D:3      | Learned a level 3 spell: Frozen Ramparts
  3102 | D:4      | Identified the +6 chain mail "Beosch" {rN+ Will+}
  3251 | D:4      | Reached skill level 1 in Shields
  3255 | D:4      | Reached XP level 5. HP: 45/45 MP: 4/10
  3525 | D:4      | Noticed an ogre
  3539 | D:4      | Killed an ogre
  3809 | D:4      | Noticed Menkaure
  3815 | D:4      | Killed Menkaure
  3816 | D:4      | Reached XP level 6. HP: 48/51 MP: 9/13
  3819 | D:4      | Reached skill level 5 in Ice Magic
  3819 | D:4      | Reached skill level 1 in Evocations
  4104 | D:4      | Noticed a titan simulacrum
  4104 | D:4      | Noticed a spectral ugly thing
  4269 | D:5      | Entered Level 5 of the Dungeon
  4290 | D:5      | Noticed Sigmund
  4485 | D:5      | Killed Sigmund
  4486 | D:5      | Reached XP level 7. HP: 49/58 MP: 5/14
  4570 | D:5      | Reached skill level 1 in Ranged Weapons
  4747 | D:5      | Reached skill level 2 in Ranged Weapons
  4964 | D:5      | Found a runed translucent gate.
  4964 | D:5      | Found a runed translucent gate.
  4964 | D:5      | Found a runed translucent gate.
  4966 | D:5      | Noticed gdog's ghost (novice GnDe)
  5344 | D:5      | Reached XP level 8. HP: 61/66 MP: 3/16
  6364 | D:6      | Reached skill level 5 in Fighting
  6436 | D:6      | Reached skill level 1 in Long Blades
  6618 | D:6      | Identified the +1 robe of Patterua {rN+ MP+9 Str+4}
  6653 | D:6      | Reached skill level 3 in Ranged Weapons
  6911 | D:6      | Reached skill level 4 in Ranged Weapons
  7350 | D:7      | Found a staircase to the Ecumenical Temple.
  7371 | D:7      | Reached XP level 9. HP: 74/74 MP: 18/18
  7504 | Temple   | Entered the Ecumenical Temple
  7572 | Temple   | Upgraded the game from 0.29-a0-998-g1987434951 to
                  | 0.29-a0-1006-g0dd7720b37
  7648 | D:7      | Reached skill level 5 in Dodging
  8046 | D:7      | Reached skill level 5 in Spellcasting
  8048 | D:7      | Noticed Pikel
  8068 | D:7      | Killed Pikel
  8288 | D:7      | Learned a level 2 spell: Passwall
  8392 | D:7      | Reached skill level 1 in Transmutations
  9386 | D:8      | Reached skill level 1 in Earth Magic
 10157 | D:8      | Found a large runed translucent door.
 10157 | D:8      | Found a large runed translucent door.
 10161 | D:8      | Noticed tatocazan's ghost (novice OpBr)
 10258 | D:8      | Reached skill level 5 in Ranged Weapons
 10870 | D:8      | Identified the +5 whip of the Apocalypse {elec, rElec rPois
                  | Str-5}
 10896 | D:8      | Reached skill level 6 in Ranged Weapons
 10896 | D:8      | Reached XP level 10. HP: 13/83 MP: 17/21
 11388 | D:9      | Learned a level 2 spell: Wereblood
 11471 | D:9      | Reached skill level 7 in Ranged Weapons
 11704 | D:9      | Noticed a five-headed hydra
 11707 | D:9      | Noticed a cyclops
 11707 | D:9      | Noticed a centaur warrior
 11708 | D:9      | Noticed a shining eye
 11709 | D:9      | Found a transporter.
 11709 | D:9      | Found a transporter.
 11713 | D:9      | Noticed a water nymph
 11713 | D:9      | a shining eye changed into a water nymph
 11729 | D:9      | Noticed a torpor snail
 11729 | D:9      | a water nymph changed into a torpor snail
 11731 | D:9      | a torpor snail changed into a merfolk
 11744 | D:9      | Noticed Maggie
 11754 | D:9      | Killed Maggie
 11755 | D:9      | Reached skill level 8 in Ranged Weapons
 11762 | D:9      | Noticed a death drake
 11762 | D:9      | a snapping turtle changed into a death drake
 11765 | D:9      | Noticed Harold
 11766 | D:9      | Noticed Amaemon
 11778 | D:9      | Noticed an eye of devastation
 11778 | D:9      | a death drake changed into an eye of devastation
 11780 | D:9      | Killed Amaemon
 11795 | D:9      | Killed Harold
 11816 | D:9      | an eye of devastation changed into a snapping turtle
 11822 | D:9      | Noticed a torpor snail
 11822 | D:9      | a snapping turtle changed into a torpor snail
 11848 | D:9      | Noticed a shock serpent
 11848 | D:9      | a torpor snail changed into a shock serpent
 11868 | D:9      | Noticed a mana viper
 11868 | D:9      | a shock serpent changed into a mana viper
 11873 | D:9      | a mana viper changed into a floating eye
 11891 | D:9      | Noticed a moth of wrath
 11891 | D:9      | a culicivora changed into a moth of wrath
 12105 | D:9      | Found the +7 Kryia's mail coat {PotionHeal*2 rC+}
 12350 | D:9      | Paralysed by a hornet for 3 turns
 12690 | D:9      | Noticed a torpor snail
 12745 | D:9      | Noticed a deep troll
 12752 | D:9      | Noticed a shining eye
 12752 | D:9      | a deep troll changed into a shining eye
 13025 | D:10     | Entered Level 10 of the Dungeon
 13104 | D:10     | Found Daloyrab's Weapon Boutique.
 13108 | D:10     | Noticed Fannar
 13132 | D:10     | Killed Fannar
 13133 | D:10     | Reached skill level 5 in Long Blades
 13401 | D:10     | Found Suaghyed's Book Shop.
 13695 | D:10     | Reached XP level 11. HP: 92/92 MP: 16/22
 13887 | D:10     | Found a staircase to the Lair.
 13966 | D:10     | Reached skill level 9 in Ranged Weapons
 14801 | Lair:1   | Entered Level 1 of the Lair of Beasts
 14812 | D:10     | Reached skill level 10 in Ranged Weapons
 15258 | Lair:1   | Reached skill level 11 in Ranged Weapons
 15328 | Lair:1   | Noticed a boulder beetle
 15421 | Lair:1   | Killed a boulder beetle
 15588 | Lair:1   | Reached skill level 12 in Ranged Weapons
 15825 | Lair:1   | Identified the ring "Depno" {rF++ Str+3 Int+4 SInv Stlth-}
 16701 | Lair:2   | Reached skill level 13 in Ranged Weapons
 16822 | Lair:2   | Noticed a seven-headed hydra
 16831 | Lair:2   | Killed a seven-headed hydra
 17157 | Lair:2   | Noticed a seven-headed hydra
 17171 | Lair:2   | Killed a seven-headed hydra
 17172 | Lair:2   | Reached skill level 14 in Ranged Weapons
 17576 | Lair:2   | Noticed a swamp dragon
 17589 | Lair:2   | Killed a swamp dragon
 17590 | Lair:2   | Reached XP level 12. HP: 100/100 MP: 18/23
 17623 | Lair:2   | Found a staircase to the Swamp.
 18140 | Lair:2   | Found a hole to the Spider Nest.
 18726 | D:11     | Found a staircase to the Orcish Mines.
 19212 | D:11     | Noticed Nergalle
 19228 | D:11     | Killed Nergalle
 19398 | D:11     | Noticed a boulder beetle
 19428 | D:11     | Noticed a centaur warrior
 19458 | D:11     | Killed a centaur warrior
 19830 | D:11     | Noticed a boulder beetle
 19845 | D:11     | Killed a boulder beetle
 20151 | D:10     | Bought the +5 longbow of Red Wine {freeze, Fly rC+} for 844
                  | gold pieces
 20363 | Lair:3   | Found a dark tunnel.
 20373 | Volcano  | Entered a volcano
 20555 | Volcano  | Noticed a stone giant
 20672 | Volcano  | Killed a stone giant
 21049 | Lair:3   | Noticed a seven-headed hydra
 21055 | Lair:3   | Killed a seven-headed hydra
 21103 | Lair:3   | Noticed a four-headed hydra
 21113 | Lair:3   | Killed a four-headed hydra
 21114 | Lair:3   | Reached skill level 10 in Long Blades
 21276 | Lair:3   | Noticed Kirke
 21281 | Lair:3   | Reached XP level 13. HP: 107/107 MP: 18/24
 21300 | Lair:3   | Killed Kirke
 21652 | Lair:3   | Reached skill level 15 in Ranged Weapons
 22735 | Lair:4   | Noticed Rupert
 22750 | Lair:4   | Noticed Josephine
 23222 | Lair:4   | Reached skill level 16 in Ranged Weapons
 23561 | Lair:4   | Paralysed by Rupert for 2 turns
 23568 | Lair:4   | Annihilated by Rupert

Illustrated notes

Levels and vault maps discovered:
D:1:      co_arrival_random_square_maze, layout_basic
D:2:      layout_loops_cross, chequers_ecumenical_altar_simple_redux,
          minmay_misc_feat_nine_boxes
D:3:      layout_loops_ring, nicolae_dithmenos_shadow_blocks,
          chequers_serial_rivers_small_a
D:4:      layout_cave_pools, vehumet_altar_wand_db,
          regret_index_temple_of_mockery, uniq_menkaure
D:5:      layout_basic, gammafunk_ghost_nasty_kobolds, minmay_manual_mess,
          uniq_sigmund
D:6:      layout_loops_ring, grunt_temple_overflow_open, minmay_misc_feat_x,
          minmay_misc_feat_more_columns
D:7:      layout_loops_corners, minmay_temple_entry_sparse_star, uniq_pikel
D:8:      layout_cave_pods, mainiacjoe_overflow_24_doors, amcnicky_altar_gilded,
          ebering_ghost_disaster_area
D:9:      gammafunk_sealed_arena, layout_basic, uniq_amaemon, uniq_maggie,
          uniq_harold
D:10:     layout_loops_corners, grunt_lair_entry_orc_guard_hut, serial_shops,
          nicolae_shop_statue_plus, nicolae_shop_crystal, uniq_fannar
D:11:     minmay_the_grid_four_pointed_star_mashed
          [minmay_the_grid_triangle_9x9_skeleton,
          minmay_the_grid_triangle_9x9_dagger,
          minmay_the_grid_triangle_9x9_steps,
          minmay_the_grid_triangle_9x9_pentomino_pain,
          minmay_the_grid_prize_inner_circle], layout_stronghold,
          kennysheep_orc_monster_closet_entryway, uniq_nergalle, uniq_sonja
Temple:   hellmonk_temple_of_storms
Lair:1:   layout_cellular_growth, grunt_megastairs_5
Lair:2:   layout_regular_city, minmay_swamp_entry_reptiles,
          spider_nest_entry_rubble, lemuel_fruit_tree, serial_bayou_shore_b
Lair:3:   layout_chaotic_city, nicolae_volcano_entry_two_sided,
          grunt_megastairs_4, uniq_kirke
Lair:4:   layout_misc_corridors, basic_altar, minivault_27, uniq_josephine,
          uniq_rupert

Skill      XL: |  1  2  3  4  5  6  7  8  9 10 11 12 13 |
---------------+----------------------------------------+-----
Fighting       | 1 2 3 4 5 6 7 8 |  8.0
Spellcasting   | 2 3 4 5 |  5.0
Ice Magic      | 4 5 6 7 8 9 |  9.0
Dodging        | 2 3 4 5 6 7 |  7.0
Shields        | 1 2 4 |  4.0
Stealth        | 2 |  2.0
Evocations     | 2 3 |  3.0
Ranged Weapons | 2 4 6 8 14 16 | 16.3
Long Blades    | 2 4 6 7 10 | 10.0
Transmutations | 1 |  1.0
Earth Magic    | 1 |  1.0

Action                   |  1- 3 |  4- 6 |  7- 9 | 10-12 | 13-15 || total
-------------------------+-------+-------+-------+-------+-------++-------
Melee: Dagger            |     1 |       |    36 |       |       ||    37
       Falchion          |       |       |    49 |       |       ||    49
       Long sword        |       |       |     6 |   114 |       ||   120
       Scimitar          |       |       |       |   123 |     8 ||   131
 Fire: Sling             |    72 |    63 |   217 |   407 |       ||   759
       Longbow           |       |       |       |    98 |   173 ||   271
 Cast: Freeze            |    51 |    32 |     5 |     1 |       ||    89
       Ozocubu's Armour  |     1 |    14 |    48 |    74 |    19 ||   156
       Frozen Ramparts   |       |    10 |    62 |    98 |    21 ||   191
       Wereblood         |       |       |       |     3 |       ||     3
Evoke: Wand              |       |     5 |       |     3 |       ||     8
  Use: Potion            |       |     3 |     1 |     6 |     6 ||    16
       Scroll            |       |       |    12 |     2 |     3 ||    17
 Stab: Sleeping          |       |       |     4 |     3 |       ||     7
Armor: Robe              |    13 |    11 |    52 |    10 |       ||    86
       Steam dragon scal |       |       |       |    97 |    55 ||   152
       Skin              |       |       |       |    56 |     2 ||    58
Dodge: Dodged            |    31 |    29 |   128 |   367 |   121 ||   676
Block: Buckler           |       |    12 |   121 |   192 |       ||   325

Table legend: (Time is in decaauts)
 A = Elapsed time spent in this place.
 B = Non-inter-level travel time spent in this place.
 C = Inter-level travel time spent in this place.
 D = Time resting spent in this place.
 E = Time spent auto-exploring this place.
 F = Levels seen in this place.
 G = Mean time per level.
                   A        B        C        D        E       F      G
               +--------+--------+--------+--------+--------+-----+--------+
         Total |  23566 |  21485 |   2081 |   9254 |   7617 |  17 | 1386.2 |
       Dungeon |  16808 |  15209 |   1599 |   6569 |   5693 |  11 | 1528.0 |
        Temple |    110 |    107 |      3 |      0 |      0 |   1 |  110.0 |
          Lair |   5991 |   5513 |    478 |   2299 |   1924 |   4 | 1497.8 |
       Volcano |    656 |    656 |      0 |    386 |      0 |   1 |  656.0 |
               +--------+--------+--------+--------+--------+-----+--------+

Top non-repeatable levels by time:
    D:10: 2234 daAuts
     D:7: 2052 daAuts
  Lair:2: 1933 daAuts
     D:8: 1864 daAuts
     D:9: 1750 daAuts
  Lair:1: 1657 daAuts
     D:5: 1597 daAuts
  Lair:3: 1454 daAuts
     D:6: 1436 daAuts
     D:4: 1388 daAuts
    D:11: 1366 daAuts
     D:2: 1103 daAuts
     D:1: 1059 daAuts
     D:3: 954 daAuts
  Lair:4: 946 daAuts
